 Dungeon Crawl Stone Soup version 0.29.1-13-g9f3cf754e1 (webtiles) character file.

Game seed: 15229415820534305228

133 Thatpatchoflichen the Trooper (level 4, -2/37 HPs)
             Began as a Mummy Monk on Feb 1, 2023.
             Killed from afar by an orc wizard (5 damage)
             ... with a magic dart
             ... on level 2 of the Dungeon.
             The game lasted 00:05:31 (4072 turns).

Thatpatchoflichen the Trooper (Mummy Monk)          Turns: 4072, Time: 00:05:31

Health: -2/37      AC:  3    Str: 16    XL:     4   Next: 93%
Magic:  4/4        EV: 12    Int:  9    God:
Gold:   137        SH:  0    Dex: 14    Spells: 3/3 levels left

rFire   x . .      SeeInvis .     - Unarmed
rCold   + . .      Faith    .   (no shield)
rNeg    + + +      Spirit   .   i - +0 leather armour
rPois   ∞          Reflect  .   (no helmet)
rElec   .          Harm     .   (no cloak)
rCorr   .          Rampage  .   (no gloves)
Will    .....                   (no boots)
Stlth   +.........              (no amulet)
HPRegen 0.12/turn               (no ring)
MPRegen 0.09/turn               (no ring)

@: confused
A: cold resistance 1, negative energy resistance 3, torment resistance 2, heat
vulnerability 1, in touch with death 1, no potions
a: no special abilities


You were on level 2 of the Dungeon.
You visited 1 branch of the dungeon, and saw 4 of its levels.

You collected 137 gold pieces.

Inventory:

Missiles
 e - 9 atropa-tipped darts (quivered)
 f - 6 boomerangs
Armour
 a - a +0 robe
 i - a +0 leather armour (worn)
Scrolls
 b - 2 scrolls of acquirement {unknown}
 c - 4 scrolls of identify {unknown}
 d - 2 scrolls of teleportation {unknown}
 g - a scroll of blinking {unknown}
 h - a scroll of brand weapon {unknown}
 j - 2 scrolls of enchant weapon {unknown}
 k - a scroll of noise {unknown}


   Skills:
 + Level 4.0 Fighting
 + Level 3.3 Dodging
 - Level 1.5 Stealth
 + Level 3.3 Unarmed Combat


You had 3 spell levels left.
You didn't know any spells.
Your spell library contained the following spells:

 Spells                   Type           Power      Damage    Failure   Level
 Blink                    Tloc           0%         N/A       58%         2
 Lesser Beckoning         Tloc           0%         N/A       83%         3
 Manifold Assault         Tloc           0%         N/A       100%        5


Dungeon Overview and Level Annotations

Branches:
Dungeon (4/15)
 Temple: D:4-7

Altars:

Shops:
D:3 ?


Innate Abilities, Weirdness & Mutations

You are immune to poison.
Your flesh is cold resistant. (rC+)
You are immune to negative energy. (rN+++)
You are immune to unholy pain and torment.
You are vulnerable to heat. (rF-)
You are in touch with the powers of death.
You do not drink.


Message History

Deactivating autopickup; reactivate with Ctrl-A.
You closely miss something. Something hits you.
You hit something. Something hits you.
You barely miss something. You barely miss something. Something hits you.
You hit something.
You hear some strange, mumbled words.
You are confused.
Something hits you.
You miss something. Something hits you.
You hear some strange, mumbled words.
Something tries to affect you, but you resist.
You're too confused to move!
Something hits you. Something hits you.
You hear some strange, mumbled words.
You are more confused.
Something barely misses you. Something hits you.
You hear some strange, mumbled words.
You are more confused.
You bump into the rock wall.
Something hits you.
You hear some strange, mumbled words.
A magic dart appears from out of thin air!
The magic dart hits you!
You're too confused to move!
Something hits you.
* * * LOW HITPOINT WARNING * * *
Something hits you.
* * * LOW HITPOINT WARNING * * *
You hit something but do no damage. Something hits you.
* * * LOW HITPOINT WARNING * * *
Something hits you.
* * * LOW HITPOINT WARNING * * *
You bump into the rock wall.
You hear some strange, mumbled words.
You are more confused.
You bump into the rock wall.
You hear some strange, mumbled words.
A magic dart appears from out of thin air!
The magic dart hits you.
You die...

.#####...##...### ##.#
##.......##.....# #..# ##
#......###.....## #.## #.
#......#....#...#####.### #.
#.................##....# #.
#........#####....##..#.##### #.
#........# ##.......#.....####
###'###.## #{#.).>######.##..
#...#)##### #@##.### #.##.#
####.###.....# #.##.########.##..
.......#.###.# #.##.##.##....##.#
.........#...# #)##....##.[......
.#.o...#.#.#####'#####.##........
##.##..#.#.# #........####......
##.......#.# #.....#### #......
.o.#....##.# #.....# #......
#.##....'..# #.....# #......


There were no monsters in sight!

Vanquished Creatures
  An orc wizard (D:2)
  4 adders
  2 dart slugs
  4 orcs
  5 ball pythons
  4 bats
  8 endoplasms
  3 giant cockroaches
  8 goblins
  3 hobgoblins
  10 kobolds
  3 quokkas (D:1)
  3 frilled lizards (D:1)
  3 rats
61 creatures vanquished.

Notes
Turn   | Place    | Note
-------+----------+-------------------------------------------
     0 | D:1      | Thatpatchoflichen the Mummy Monk began the quest for the
                  | Orb.
     0 | D:1      | Reached XP level 1. HP: 18/18 MP: 1/1
   171 | D:1      | Found a faded altar of an unknown god.
   710 | D:1      | You fall into a shaft and drop 1 floor!
   750 | D:2      | Reached XP level 2. HP: 22/24 MP: 2/2
  1289 | D:3      | Found Teuraxumo's Magic Scroll Shoppe.
  1513 | D:3      | Gained mutation: You are in touch with the powers of death.
                  | [Mummy growth]
  1513 | D:3      | Reached XP level 3. HP: 11/29 MP: 3/3
  2829 | D:1      | Reached XP level 4. HP: 37/37 MP: 4/4
  3870 | D:2      | Reached skill level 4 in Fighting
  4072 | D:2      | Killed from afar by an orc wizard

Illustrated notes

Levels and vault maps discovered:
D:1:      elethiomel_arrival_shortcut, layout_basic,
          shapermc_ecumenical_altar_venn
D:2:      layout_basic
D:3:      layout_loops_ring, serial_shops, nicolae_shop_waterfront
D:4:      layout_cave_pools, minmay_temple_entry_antechambers, serial_shops,
          shop, serial_rivers, chequers_serial_rivers_micro_d,
          chequers_serial_rivers_micro_e, chequers_serial_rivers_small_3,
          chequers_serial_rivers_large_a, minmay_cupped

Skill      XL: |  1  2  3  4 |
---------------+-------------+-----
Dodging        | 3 |  3.3
Unarmed Combat | 3 |  3.3
Fighting       | 4 |  4.0
Stealth        | |  1.5

Action                   |  1- 3 |  4- 6 || total
-------------------------+-------+-------++-------
Melee: Unarmed           |   183 |   140 ||   323
       Punch             |     3 |     2 ||     5
 Stab: Sleeping          |     5 |     1 ||     6
Armor: Robe              |    23 |       ||    23
       Leather armour    |     2 |    50 ||    52
Dodge: Dodged            |    98 |    76 ||   174
